Map: Magannatha LE

Players

SHIN - Winner!

  • Race: Zerg Zerg
  • Spawn Location: 11:00

trigger

  • Race: Protoss Protoss
  • Spawn Location: 5:00

Event: Esports World Cup 2025

VOD

Have the link to the VOD?

Description

Time

  • Played on: July 23, 2025, 5:25 a.m.
  • Length: 10:36

All games in this series

Show
View Real Time Build Order
Export as new Build Order

SHIN Zerg - Winner!

Build Orders: Hatch First 

Get SALT Encoding   

  12  0:00  Drone  
  13  0:07  Drone  
  14  0:16  Overlord  
  14  0:23  Drone, Extractor  
  15  0:35  Drone  
  16  0:37  Drone  
  17  0:43  Drone  
  18  0:57  Drone, Hatchery  
  18  1:19  Drone  
  18  1:20  Drone  
  18  1:23  Extractor, Spawning Pool  
  18  1:27  Drone  
  19  1:37  Drone  
  20  1:48  Overlord  
  20  1:59  Drone  
  21  2:10  Zergling x4, Queen x2  
  27  2:20  Zergling x4  
  29  2:31  Drone x2  
  31  2:37  Metabolic Boost  
  31  2:42  Drone, Overlord  
  31  2:52  Zergling x2, Hatchery  
  31  2:56  Zergling x2  
  32  3:03  Drone  
  32  3:04  Drone  
  34  3:08  Queen  
  35  3:15  Drone x2  
  37  3:20  Drone x3  
  37  3:23  Zergling x2  
  41  3:28  Zergling x4  
  41  3:30  Drone  
  41  3:33  Spore Crawler  
  42  3:37  Drone  
  42  3:39  Drone  
  42  3:40  Drone  
  43  3:43  Spore Crawler  
  43  3:48  Overlord  
  42  3:50  Drone  
  43  4:03  Queen  
  43  4:04  Drone  
  43  4:05  Drone x3  
  43  4:07  Drone x2  
  51  4:12  Drone  
  51  4:14  Queen  
  51  4:15  Drone x2  
  54  4:21  Drone  
  54  4:22  Spore Crawler  
  54  4:25  Drone x2  
  54  4:26  Drone  
  54  4:29  Evolution Chamber  
  56  4:31  Drone x2  
  56  4:35  Overlord  
  56  4:36  Overlord  
  58  4:41  Overlord  
  58  4:45  Overlord, Extractor  
  57  4:46  Drone  
  58  4:52  Queen  
  58  4:55  Drone x3  
  58  4:57  Zerg Melee Weapons Level 1  
  58  4:58  Zergling x2  
  58  4:59  Zergling x2  
  65  5:02  Zergling x4  
  65  5:05  Zergling x6  
  69  5:08  Zergling x2  
  69  5:09  Zergling x4  
  69  5:11  Drone x2  
  74  5:15  Drone  
  74  5:17  Drone  
  74  5:19  Baneling Nest  
  74  5:20  Drone  
  73  5:28  Drone x4  
  76  5:29  Drone x2  
  76  5:31  Drone x2  
  76  5:32  Drone  
  76  5:33  Drone  
  82  5:36  Lair  
  82  5:43  Hatchery  
  82  5:46  Drone x2  
  82  5:47  Extractor  
  82  5:49  Drone x2  
  84  5:52  Drone x2  
  84  5:53  Extractor  
  85  5:57  Drone x4  
  85  6:02  Overlord x2  
  88  6:07  Overlord, Extractor  
  88  6:08  Drone x2  
  89  6:15  Overlord  
  89  6:21  Zergling x12  
  89  6:24  Zergling x2  
  96  6:28  Zergling x2  
  96  6:29  Zergling x6  
  100  6:35  Drone x4  
  100  6:36  Hydralisk Den  
  100  6:38  Drone  
  100  6:39  Overseer  
  104  6:40  Drone x4  
  104  6:44  Hatchery  
  104  6:46  Drone  
  108  6:49  Drone  
  108  6:51  Overlord  
  108  6:53  Zerg Missile Weapons Level 1  
  109  6:55  Drone x3  
  109  6:56  Extractor  
  109  6:58  Overlord  
  111  7:04  Spore Crawler  
  111  7:06  Overlord  
  111  7:07  Hydralisk x5  
  120  7:09  Overlord  
  120  7:10  Overlord  
  120  7:11  Centrifugal Hooks  
  120  7:13  Hydralisk  
  122  7:16  Pneumatized Carapace  
  122  7:18  Hydralisk x3  
  128  7:25  Drone x3, Hydralisk  
  128  7:26  Drone, Zergling x2  
  135  7:30  Hydralisk x2  
  135  7:31  Zergling x4  
  135  7:33  Grooved Spines  
  135  7:36  Hatchery  
  139  7:41  Zergling x14  
  141  7:44  Hydralisk  
  141  7:45  Hydralisk  
  141  7:46  Drone  
  141  7:48  Hydralisk  
  141  7:51  Hydralisk x2  
  147  7:52  Zergling x2  
  147  7:55  Zergling x2, Overlord  
  147  7:56  Zergling x6  
  156  8:02  Zergling x6  
  159  8:06  Zergling x2, Overlord  
  159  8:08  Overseer  
  159  8:10  Overlord  
  160  8:15  Hydralisk, Zergling x8  
  166  8:23  Muscular Augments  
  166  8:24  Hydralisk  
  166  8:25  Zergling x16  
  175  8:27  Zergling x2, Overlord x2  
  175  8:31  Hydralisk  
  175  8:33  Baneling x15  
  178  8:36  Zergling x6  
  178  8:40  Zergling x6  
  184  8:43  Baneling  
  184  8:44  Baneling x6  
  184  8:46  Zergling x2  
  185  8:50  Baneling  
  185  8:51  Baneling x4  
  185  8:52  Zergling x12  
  185  8:54  Spore Crawler  
  185  8:55  Zergling x6  
  191  9:00  Zergling x12  
  198  9:04  Baneling x8  
  197  9:14  Hydralisk  
  197  9:15  Zergling x16  
  194  9:18  Hydralisk x3  
  194  9:20  Hydralisk  
  194  9:22  Zergling x8  
  194  9:24  Zergling x2  
  197  9:25  Hydralisk  
  197  9:28  Zergling x4  
  197  9:29  Zergling x4  
  188  9:32  Zergling x6  
  188  9:33  Zergling x2  
  188  9:34  Zergling x2  
  188  9:35  Zergling x2  
  188  9:37  Zergling x2  
  170  9:38  Zergling x2  
  170  9:43  Zergling x2  
  170  9:45  Hydralisk x2  
  156  9:46  Hydralisk x2, Spire  
  156  9:52  Zergling x16  
  166  9:53  Zergling x2  
  166  9:56  Hydralisk x2  
  166  9:59  Baneling x4  
  165  10:00  Drone x3  
  165  10:01  Drone  
  165  10:03  Zergling x4  
  163  10:09  Hydralisk x3  
  163  10:10  Hydralisk  
  163  10:12  Drone  
  163  10:17  Zergling x8  
Show
View Real Time Build Order
Export as new Build Order

trigger Protoss 

Build Orders: 1 Gate Expand, Oracle Opening 

Get SALT Encoding   

  12  0:00  Probe  
  13  0:12  Probe  
  14  0:19  Pylon  
  14  0:25  Probe  
  15  0:33  Probe  
  15  0:40  Gateway  
  15  0:41  Probe  
  17  0:50  Assimilator  
  17  0:52  Probe  
  18  1:04  Probe  
  19  1:25  Nexus  
  19  1:36  Cybernetics Core  
  19  1:38  Probe  
  20  1:43  Assimilator  
  20  1:50  Probe  
  21  1:54  Pylon  
  21  2:02  Probe  
  21  2:05  Adept  
  22  2:14  Probe  
  25  2:25  Adept  
  25  2:26  Probe  
  25  2:29  Stargate  
  26  2:34  Probe  
  28  2:38  Probe  
  28  2:42  Probe  
  30  2:47  Warp Gate  
  30  2:51  Probe  
  32  2:53  Probe  
  33  3:02  Adept  
  33  3:03  Oracle, Probe  
  33  3:05  Probe  
  37  3:15  Probe  
  41  3:20  Probe  
  42  3:27  Probe  
  42  3:32  Probe  
  43  3:39  Probe  
  43  3:42  Oracle  
  43  3:43  Gateway  
  43  3:45  Pylon  
  46  4:04  Probe x2  
  46  4:06  Nexus  
  48  4:14  Oracle  
  48  4:16  Probe x2  
  48  4:28  Probe  
  48  4:29  Probe  
  50  4:32  Pylon  
  50  4:35  Adept  
  52  4:39  Twilight Council  
  52  4:43  Probe  
  52  4:44  Forge  
  53  4:45  Pylon  
  53  4:46  Probe  
  53  4:51  Assimilator  
  54  4:55  Probe  
  54  4:56  Adept  
  54  4:59  Adept  
  59  5:01  Probe  
  60  5:07  Probe  
  60  5:09  Probe  
  60  5:10  Assimilator  
  62  5:17  Probe  
  62  5:18  Probe  
  62  5:19  Probe  
  63  5:22  Protoss Ground Weapons Level 1  
  63  5:24  Blink  
  63  5:27  Probe  
  65  5:28  Probe  
  65  5:30  Adept x2  
  65  5:31  Probe  
  66  5:37  Pylon  
  66  5:38  Probe  
  66  5:40  Probe  
  66  5:41  Shield Battery  
  68  5:43  Probe  
  69  5:50  Probe  
  69  5:51  Shield Battery  
  69  5:52  Probe  
  71  5:59  Probe  
  71  6:00  Probe x2  
  71  6:03  Gateway x2  
  73  6:06  Templar Archives  
  73  6:09  Probe  
  73  6:10  Probe  
  73  6:11  Stalker x2  
  78  6:13  Probe  
  81  6:19  Assimilator  
  81  6:20  Probe  
  81  6:22  Assimilator  
  82  6:26  Probe x2  
  82  6:32  Pylon, Probe  
  85  6:34  Pylon  
  85  6:36  Psionic Storm  
  85  6:37  Stalker x2  
  85  6:39  Probe  
  90  6:41  Gateway  
  90  6:44  Gateway  
  90  7:00  Stalker x3  
  90  7:01  Stalker  
  98  7:17  Robotics Facility  
  98  7:20  Pylon  
  98  7:24  Fleet Beacon  
  98  7:28  High Templar x2  
  102  7:30  Probe x2  
  102  7:31  Probe  
  102  7:33  Photon Cannon, Zealot  
  106  7:49  High Templar x2  
  110  7:52  Photon Cannon  
  110  7:53  Photon Cannon  
  110  7:54  Photon Cannon  
  110  7:57  Pylon  
  110  7:59  Nexus  
  110  8:01  Pylon  
  110  8:02  Charge  
  110  8:04  Pylon  
  110  8:07  Pylon  
  110  8:10  Probe x2  
  113  8:20  Photon Cannon  
  113  8:21  Carrier  
  113  8:22  Shield Battery  
  113  8:25  Photon Cannon  
  120  8:33  Immortal, Photon Cannon  
  120  8:38  Photon Cannon  
  120  8:39  Shield Battery  
  126  8:46  Assimilator  
  130  8:50  Assimilator  
  130  8:54  Photon Cannon  
  128  8:56  Photon Cannon  
  128  9:03  Zealot x6  
  140  9:20  Probe  
  140  9:21  Probe  
  125  9:30  Zealot x5  
  90  9:49  Nexus  
  90  9:51  Stalker  
  90  9:52  Stalker x4  
  78  10:15  Zealot x3  
Tags
 
Add a new tag
Caveats
  • Supply blocks, unpowered buildings, or Contaminate may cause inaccurate times.
  • Supply counts are checked every 10 seconds.